 Dungeon Crawl Stone Soup version 0.30-a0-365-ge7f957f1db (webtiles) character file.

Game seed: 3327816885049133003

155341 retardedninja the Warrior (level 17, 0/157 (168) HPs)
             Began as a Minotaur Fighter on Nov 16, 2022.
             Was the Champion of Okawaru.
             Slain by a pharaoh ant (5 damage)
             ... on level 4 of the Spider Nest.
             The game lasted 01:09:17 (39118 turns).

retardedninja the Warrior (Minotaur Fighter)       Turns: 39118, Time: 01:09:17

HP:   0/157 (168)   AC: 39    Str: 31 (33) XL:     17   Next: 8%
MP:   0/28          EV: 13    Int:  9 (10) God:    Okawaru [******]
Gold: 3114          SH: 10    Dex:  9 (12) Spells: 16/16 levels left

rFire   + + +      SeeInvis .    a - +8 war axe (flame)
rCold   . . .      Faith    .    D - +3 buckler of Seqoyh {+Inv rF++ Int+5}
rNeg    . . .      Spirit   .    d - +5 storm dragon scales
rPois   +          Reflect  .    y - +2 hat "Ziusigip" {Str+4}
rElec   +          Harm     .    u - +2 cloak {rPois}
rCorr   .          Rampage  .    c - +2 pair of gloves {Stlth+}
Will    +....                    f - +2 pair of boots
Stlth   ..........               v - amulet of the acrobat
HPRegen 0.46/turn                b - ring of Gusoaxin {rF+ EV+4 Dex+2}
MPRegen 0.21/turn                O - +4 ring of protection

@: about to teleport, slowed, studying Armour, drained, very slow
A: horns 2, retaliatory headbutt
a: Renounce Religion, Evoke Invisibility, Heroism, Finesse, Duel


You were on level 4 of the Spider Nest.
You worshipped Okawaru.
Okawaru was exalted by your worship.
You visited 5 branches of the dungeon, and saw 28 of its levels.
You visited the Abyss 2 times.
You also visited: Gauntlet.

You collected 3731 gold pieces.
You spent 617 gold pieces at shops.

Inventory:

Hand Weapons
 a - a +8 war axe of flaming (weapon)
Missiles
 r - 4 javelins
 V - 2 throwing nets
Armour
 c - a +2 pair of gloves of stealth (worn)
 d - +5 storm dragon scales (worn)
 f - a +2 pair of boots (worn)
 u - a +2 cloak of poison resistance (worn)
 y - the +2 hat "Ziusigip" (worn) {Str+4}
   (You found it on level 6 of the Dungeon)

   Str:       It affects your strength (+4).
 D - the +3 buckler of Seqoyh (worn) {+Inv rF++ Int+5}
   (Okawaru gifted it to you on level 10 of the Dungeon)

   Int:       It affects your intelligence (+5).
   rF:        It greatly protects you from fire.
   +Inv:      It lets you turn invisible.
Jewellery
 b - the ring of Gusoaxin (left hand) {rF+ EV+4 Dex+2}
   (You acquired it on level 9 of the Dungeon)

   [ring of evasion]

   EV:        It affects your evasion (+4).
   Dex:       It affects your dexterity (+2).
   rF:        It protects you from fire.
 e - a ring of resist corrosion
 k - a ring of poison resistance
 v - an amulet of the acrobat (around neck)
 O - a +4 ring of protection (right hand)
Wands
 M - a wand of mindburst (10) (quivered)
 N - a wand of iceblast (3)
 R - a wand of light (14)
 S - a wand of polymorph (5)
 T - a wand of flame (27)
Scrolls
 i - 6 scrolls of vulnerability
 q - a scroll of poison
 s - 9 scrolls of immolation
 t - 4 scrolls of silence
 C - 2 scrolls of amnesia
 G - 6 scrolls of magic mapping
Potions
 g - 5 potions of brilliance
 h - 2 potions of lignification
 j - 2 potions of cancellation
 m - 3 potions of magic
 o - 2 potions of resistance
 p - 10 potions of curing
 w - 4 potions of attraction
 z - 3 potions of mutation
 A - 5 potions of flight
 I - 3 potions of ambrosia
 J - 2 potions of invisibility
 K - a potion of haste
 W - 3 potions of might
 Y - 2 potions of heal wounds
Miscellaneous
 l - a phantom mirror
 x - a phial of floods
 B - a tin of tremorstones (2/2)
 L - a lightning rod (4/4)


   Skills:
 + Level 19.2 Fighting
 - Level 15.0 Axes
 - Level 16.5 Armour
 - Level 15.2 Shields
 - Level 17.0 Invocations


You had 16 spell levels left.
You didn't know any spells.
Your spell library contained the following spells:

 Spells                   Type           Power      Damage    Failure   Level
 Beastly Appendage        Tmut           0%         N/A       80%         1
 Kiss of Death            Conj/Necr      0%         2d5       80%         1
 Slow                     Hex            0%         N/A       80%         1
 Sting                    Tmut/Pois      0%         1d3       80%         1
 Cigotuvi's Dreadful Rot  Necr/Pois/Air  0%         N/A       90%         2
 Ensorcelled Hibernation  Hex/Ice        0%         N/A       90%         2
 Poisonous Vapours        Pois/Air       0%         N/A       90%         2
 Sublimation of Blood     Necr           0%         N/A       90%         2
 Wereblood                Tmut           0%         N/A       90%         2
 Confusing Touch          Hex            0%         N/A       99%         3
 Dazzling Flash           Conj/Hex       0%         N/A       99%         3
 Mephitic Cloud           Conj/Pois/Air  0%         N/A       99%         3
 Portal Projectile        Hex/Tloc       0%         N/A       99%         3
 Spider Form              Tmut/Pois      0%         N/A       99%         3
 Anguish                  Hex/Necr       0%         N/A       100%        4
 Dispel Undead            Necr           0%         3d6       100%        4
 Leda's Liquefaction      Hex/Erth       0%         N/A       100%        4
 Olgreb's Toxic Radiance  Pois           0%         N/A       100%        4
 Passage of Golubria      Tloc           0%         N/A       100%        4
 Petrify                  Tmut/Erth      0%         N/A       100%        4
 Irradiate                Conj/Tmut      0%         3d11      100%        5
 Metabolic Englaciation   Hex/Ice        0%         N/A       100%        5
 Silence                  Hex/Air        0%         N/A       100%        5
 Eringya's Noxious Bog    Tmut/Pois      0%         N/A       100%        6
 Disjunction              Tloc           0%         N/A       100%        8
 Lehudib's Crystal Spear  Conj/Erth      0%         10d2      100%        8
 Call Canine Familiar     Summ           Unusable   N/A       N/A         3
 Summon Forest            Summ/Tloc      Unusable   N/A       N/A         5

Dungeon Overview and Level Annotations

Branches:
Dungeon (15/15)            Temple (0/1) D:4            Lair (5/5) D:9
 Shoals (2/4) Lair:2       Spider (4/4) Lair:3        Slime (0/5) Lair:5
    Orc (2/2) D:11            Elf (0/3) Orc:2        Vaults (0/5) D:14
 Depths (0/4) D:15        Gauntlet (visited)

Altars:
Cheibriados
Dithmenos
Fedhas
Gozag
Makhleb
Nemelex Xobeh
Okawaru
Yredelemnul
The Shining One
Jiyva

Shops:
D:2 *   D:4 (   D:9 *   Orc:2 [[*[[

Annotations:
D:9 3 runed translucent doors, KarmaKiller's ghost, journeyman HuIE
D:14 exclusion: ice statue


Innate Abilities, Weirdness & Mutations

You have a pair of horns on your head.
You reflexively headbutt those who attack you in melee.


Message History

The culicivora looks as sick as possible!
The jumping spider's wounds heal themselves!
The broodmother bites you but does no damage.
The tarantella is engulfed in poison gas.
The tarantella looks even sicker.
The redback bites you but does no damage.
The torpor snail is engulfed in poison gas.
The torpor snail looks even sicker.
The jumping spider leaps!
Unknown command.
Okay, then.
Okay, then.
Okay, then.
As you read the scroll of teleportation, it crumbles to dust.
You feel strangely unstable.
You kill the culicivora!
Okawaru accepts your kill.
The redback is engulfed in poison gas.
The redback is poisoned.
The pharaoh ant bites you but does no damage.
You feel you are being watched by something.
You feel your power leaking away. Something hits you!
* * * LOW HITPOINT WARNING * * *
Something hits you.
* * * LOW HITPOINT WARNING * * *
Something stings you but does no damage.
The redback closely misses you. You furiously retaliate!
You headbutt the redback.
You feel you are being watched by something.
Something hits you but does no damage. x2; Something stings you.
* * * LOW HITPOINT WARNING * * *
You feel weakened.
The jumping spider is engulfed in poison gas.
The jumping spider is poisoned.
The jumping spider looks as sick as possible!
The jumping spider closely misses you. You block the jumping spider's attack.
The broodmother closely misses you.
The redback is engulfed in poison gas.
The redback looks even sicker.
The pharaoh ant bites you!!
* * * LOW HITPOINT WARNING * * *
You feel drained.
You die...

#..^.#.....?..##.
.§☼§§#§§.§☼.§##§.
.#§☼§☼#§§#§##§#§§.
..§#§§§§§#§§§§§§☼.
..§§§§☼#§☼§§§§§§§.
..§§§§§§§§§☼^§§.§#
#§§§ws§§§§s§§...
...s#ss†{s§####§.
...sss##s@B§§§§^§.
..#.#^..w...≈#☼ss#§§§☼§#.
..^ ...^#..§s§§§§☼^§#§§§.
.s.......§§§§§##☼#§^#^.§.
#...#...s§§§## ####§...##
s...^....§§# #§. .
....ssss §. ##. ..).s.H#
#^ys.#


You could see a broodmother (very poisoned), a torpor snail (very poisoned), a
culicivora, a pharaoh ant, 2 jumping spiders, a tarantella (very poisoned) and 4
redbacks.

Vanquished Creatures
  Mlioglotl (Shoals:1)
  The ghost of Tolur the Eclecticist, an adept DEFE of Vehumet (D:15)
  2 emperor scorpions (Spider:2)
  Louise (Shoals:1)
  A broodmother (Spider:1)
  An orc warlord (Orc:1)
  Nessos (D:13)
  Azrael (Spider:1)
  A minotaur (Gauntlet)
  A dire elephant (D:15)
  4 spark wasps
  The ghost of Poxta the Cleaver, a journeyman MiBe of Trog (Orc:1)
  A merfolk impaler (Shoals:1)
  3 entropy weavers
  Josephine (D:13)
  An ogre mage (D:15)
  Erolcha (D:13)
  5 hydras
  3 catoblepae
  6 two-headed ogres
  5 centaur warriors
  2 jorogumos (Spider:2)
  6 boulder beetles
  A death scarab (Gauntlet)
  Urug (D:13)
  5 orc high priests
  A deep elf knight (Orc:1)
  A hell knight (D:15)
  Sonja (Lair:4)
  3 sea snakes (Shoals:1)
  A pharaoh ant (Spider:2)
  2 steelbarb worms
  8 orb spiders
  5 orc knights (Orc:2)
  2 oklob plants
  5 deep elf pyromancers
  7 orc sorcerers
  Pikel (D:9)
  15 wolf spiders
  14 ugly things
  2 deep elf zephyrmancers (Orc:1)
  5 fauns (Shoals:1)
  6 cyclopes
  7 manticores
  A salamander (D:15)
  A salamander (shapeshifter) (D:14)
  8 black mambas
  16 elephants
  3 moths of wrath
  Maurice (D:13)
  3 merfolk sirens (Shoals:1)
  A water nymph (Shoals:1)
  7 torpor snails
  10 cane toads
  16 demonic crawlers
  3 rime drakes
  9 komodo dragons
  2 minotaur zombies (Gauntlet)
  An unseen horror (shapeshifter) (D:14)
  A freezing wraith (D:14)
  2 unseen horrors (D:13)
  A polar bear (shapeshifter) (D:15)
  5 merfolk (Shoals:1)
  2 large abominations (Gauntlet)
  4 wind drakes (Shoals:1)
  15 meliai
  6 polar bears
  9 trolls
  A wolf spider simulacrum (D:15)
  8 hornets
  10 slime creatures
  19 tarantellas
  8 blink frogs
  Prince Ribbit (D:8)
  A dream sheep (Lair:5)
  18 culicivoras
  25 jumping spiders
  10 spriggans (Lair:5)
  A water elemental (Shoals:1)
  4 wyverns
  Eustachio (D:4)
  11 basilisks
  8 wraiths
  22 yaks
  2 steam dragons (D:9)
  Grum (D:8)
  4 fire elementals
  50 redbacks
  A spectral cane toad (Gauntlet)
  6 vampire mosquitoes
  3 wargs
  4 hell hounds (Spider:1)
  3 acid dragons
  12 water moccasins
  Duvessa (D:5)
  A sky beast (D:7)
  5 ice beasts
  8 black bears
  23 orc warriors
  15 ogres
  10 centaurs
  22 wolves
  13 boggarts
  2 phantoms (D:5)
  3 kobold brigands
  6 small abominations (Gauntlet)
  2 necrophages (D:5)
  10 bullfrogs
  3 gnoll sergeants
  A scorpion (D:6)
  4 wights
  13 killer bees
  Dowan (D:5)
  A vampire bat (Orc:2)
  3 howler monkeys
  10 electric eels
  8 lava snakes (Lair:5)
  18 orc priests
  6 hounds
  A jelly (D:8)
  4 gnoll boudas
  3 iguanas
  14 orc wizards
  12 adders
  26 gnolls
  3 shadow imps
  6 white imps
  An ufetubus (D:6)
  4 worms
  A dart slug (D:4)
  63 orcs
  16 bats
  14 endoplasms
  2 giant cockroaches (D:2)
  5 goblins
  6 hobgoblins
  8 jackals
  15 kobolds
  5 quokkas
  6 ball pythons
  3 frilled lizards
  9 rats
920 creatures vanquished.

Vanquished Creatures (others)
  A sky beast (shapeshifter) (D:14)
  An orc wizard (D:9)
  2 kobolds (D:10)
  A butterfly (Lair:4)
  31 fungi
  40 plants
  4 toadstools (D:10)
80 creatures vanquished.

Grand Total: 1000 creatures vanquished

Notes
Turn   | Place    | Note
-------+----------+-------------------------------------------
     0 | D:1      | retardedninja the Minotaur Fighter began the quest for the
                  | Orb.
     0 | D:1      | Reached XP level 1. HP: 19/19 MP: 0/0
   157 | D:1      | Reached XP level 2. HP: 27/27 MP: 1/1
   533 | D:2      | Reached skill level 4 in Fighting
   602 | D:2      | Reached XP level 3. HP: 24/33 MP: 2/2
   957 | D:2      | Reached XP level 4. HP: 37/40 MP: 3/3
  1265 | D:2      | Found Connuv's Assorted Antiques.
  1270 | D:2      | Bought a scroll labelled BYNOUPS REDUR for 24 gold pieces
  1718 | D:3      | Noticed an ogre
  1723 | D:3      | Killed an ogre
  1724 | D:3      | Reached XP level 5. HP: 47/47 MP: 4/4
  1742 | D:3      | Found a faded altar of an unknown god.
  1819 | D:3      | Prayed at the altar of an unknown god.
  1819 | D:3      | Became a worshipper of Warmaster Okawaru
  1819 | D:3      | Reached * piety under Okawaru
  1836 | D:3      | Reached skill level 5 in Armour
  1839 | D:3      | Reached skill level 5 in Fighting
  1998 | D:3      | Reached skill level 5 in Shields
  2010 | D:3      | Reached XP level 6. HP: 48/56 MP: 5/5
  2167 | D:3      | Found a shadowy altar of Dithmenos.
  2180 | D:3      | Reached ** piety under Okawaru
  2694 | D:4      | Found a sparkling altar of Nemelex Xobeh.
  2704 | D:3      | Reached skill level 5 in Axes
  3069 | D:4      | Reached XP level 7. HP: 62/62 MP: 6/6
  3112 | D:4      | Noticed Eustachio
  3140 | D:4      | Killed Eustachio
  3141 | D:4      | Reached skill level 6 in Fighting
  3415 | D:4      | Reached *** piety under Okawaru
  3468 | D:4      | Found Adouhe's Weapon Shoppe.
  3497 | D:4      | Found a staircase to the Ecumenical Temple.
  3873 | D:5      | Entered Level 5 of the Dungeon
  3890 | D:5      | Reached XP level 8. HP: 66/71 MP: 7/7
  4045 | D:5      | Reached skill level 7 in Fighting
  4187 | D:5      | Noticed Dowan
  4188 | D:5      | Noticed Duvessa
  4193 | D:5      | Killed Dowan
  4205 | D:5      | Killed Duvessa
  4612 | D:5      | Found a snail-covered altar of Cheibriados.
  5174 | D:6      | Reached **** piety under Okawaru
  5175 | D:6      | Reached skill level 8 in Fighting
  5175 | D:6      | Reached XP level 9. HP: 28/81 MP: 8/8
  5711 | D:6      | Identified the +2 hat "Ziusigip" {Str+4}
  6265 | D:7      | You fall into a shaft and drop 2 floors!
  6265 | D:9      | Found an iron altar of Okawaru.
  6272 | D:9      | Found a burning altar of Makhleb.
  6281 | D:9      | Found a glowing golden altar of the Shining One.
  6289 | D:9      | Found a runed translucent gate.
  6289 | D:9      | Found a runed translucent gate.
  6290 | D:9      | Found an opulent altar of Gozag.
  6290 | D:9      | Found a runed translucent gate.
  6293 | D:9      | Found Veadghi's Assorted Antiques.
  6293 | D:9      | Noticed a boulder beetle
  6294 | D:9      | Noticed a centaur warrior
  6294 | D:9      | Noticed KarmaKiller's ghost (journeyman HuIE)
  6417 | D:8      | Noticed Grum
  6814 | D:8      | Killed Grum
  6815 | D:8      | Reached skill level 9 in Fighting
  6892 | D:8      | Noticed Prince Ribbit
  6905 | D:8      | Killed Prince Ribbit
  7180 | D:7      | Reached ***** piety under Okawaru
  7553 | D:7      | Reached XP level 10. HP: 79/91 MP: 9/9
  8008 | D:7      | Found a basalt altar of Yredelemnul.
  9924 | D:8      | Reached skill level 10 in Armour
 10011 | D:9      | Reached skill level 10 in Fighting
 10011 | D:9      | Reached skill level 10 in Shields
 10034 | D:9      | Noticed a two-headed ogre
 10211 | D:9      | Killed a two-headed ogre
 10211 | D:9      | Received a gift from Okawaru
 10212 | D:9      | Reached skill level 10 in Axes
 10392 | D:9      | Found a staircase to the Lair.
 10398 | D:9      | Noticed an elephant
 10426 | D:9      | Killed an elephant
 10700 | D:9      | Noticed Pikel
 10709 | D:9      | Killed Pikel
 10795 | D:9      | Reached XP level 11. HP: 97/101 MP: 10/10
 10956 | D:9      | Found a blossoming altar of Fedhas.
 11011 | D:9      | Identified a scroll of acquirement
 11011 | D:9      | Acquired the ring of Gusoaxin {rF+ EV+4 Dex+2}
 11022 | D:10     | Entered Level 10 of the Dungeon
 11100 | D:10     | Reached skill level 11 in Fighting
 12506 | D:10     | Noticed a centaur warrior
 12506 | D:10     | Noticed a deep elf pyromancer
 12506 | D:10     | Noticed a catoblepas
 12702 | D:10     | Killed a catoblepas
 12898 | D:10     | Killed a deep elf pyromancer
 13160 | D:10     | Noticed a centaur warrior
 13168 | D:10     | Killed a centaur warrior
 13611 | D:10     | Noticed a boulder beetle
 13640 | D:10     | Killed a centaur warrior
 13640 | D:10     | Identified the +3 buckler of Seqoyh {+Inv rF++ Int+5}
                  | (Okawaru gifted it to you on level 10 of the Dungeon)
 13640 | D:10     | Received a gift from Okawaru
 13649 | D:10     | Killed a boulder beetle
 14738 | Lair:1   | Entered Level 1 of the Lair of Beasts
 14795 | Lair:1   | Reached skill level 12 in Fighting
 15086 | Lair:1   | Reached XP level 12. HP: 95/112 MP: 11/11
 15692 | Lair:2   | Noticed a catoblepas
 15697 | Lair:2   | Killed a catoblepas
 15852 | Lair:2   | Reached ****** piety under Okawaru
 16108 | Lair:2   | Found a staircase to the Shoals.
 16373 | Lair:3   | Identified the +2 ring mail of Xilym {-Tele Fly Str+2
                  | Dex+5}
 16407 | Lair:3   | Identified the +10 hand axe of Deis {vorpal, *Corrode rC+
                  | Will+ Int+8} (Okawaru gifted it to you on level 3 of the
                  | Lair of Beasts)
 16407 | Lair:3   | Received a gift from Okawaru
 16438 | Lair:3   | Found a gate leading to a gauntlet.
 16462 | Gauntlet | Entered a Gauntlet
 16462 | Gauntlet | Found a transporter.
 16462 | Gauntlet | Found a transporter.
 16462 | Gauntlet | Found a transporter.
 16463 | Gauntlet | Found a transporter.
 16464 | Gauntlet | Noticed a death scarab
 16465 | Gauntlet | Found a transporter.
 16468 | Gauntlet | Found a transporter.
 16473 | Gauntlet | Noticed a catoblepas
 16476 | Gauntlet | Found a transporter.
 16477 | Gauntlet | Found a transporter.
 16478 | Gauntlet | Found a transporter.
 16479 | Gauntlet | Found a transporter.
 16489 | Gauntlet | Found a transporter.
 16489 | Gauntlet | Found a transporter.
 16678 | Gauntlet | Killed a death scarab
 16963 | Gauntlet | Reached skill level 13 in Fighting
 17026 | Gauntlet | Noticed a minotaur
 17046 | Gauntlet | Killed a minotaur
 17158 | Gauntlet | Got the Grimoire of the Tesseract and Hoarfrost
 17228 | Lair:3   | Found a hole to the Spider Nest.
 17269 | Lair:3   | Received a gift from Okawaru
 17269 | Lair:3   | Found the +14 obsidian axe {vorpal, Mesm Drain Fly SInv}
 17613 | Lair:3   | Received a gift from Okawaru
 17614 | Lair:3   | Reached XP level 13. HP: 123/123 MP: 12/12
 18377 | Lair:4   | Noticed Sonja
 18383 | Lair:4   | Killed Sonja
 18409 | Lair:4   | Reached skill level 14 in Fighting
 19120 | Lair:5   | Entered Level 5 of the Lair of Beasts
 19235 | Lair:5   | Reached skill level 15 in Armour
 19315 | Lair:5   | Identified the +9 dagger "Becoph" {vamp, rPois rCorr Int-4}
                  | (Okawaru gifted it to you on level 5 of the Lair of Beasts)
 19315 | Lair:5   | Received a gift from Okawaru
 19645 | Lair:5   | Identified the +1 plate armour of Hasaseer {-Tele Str+7}
                  | (Okawaru gifted it to you on level 5 of the Lair of Beasts)
 19645 | Lair:5   | Received a gift from Okawaru
 19654 | Lair:5   | Reached skill level 15 in Fighting
 19654 | Lair:5   | Reached skill level 15 in Shields
 19824 | Lair:5   | Reached XP level 14. HP: 114/135 MP: 13/13
 19953 | Lair:5   | Reached skill level 15 in Axes
 20313 | Lair:5   | Reached skill level 1 in Invocations
 20542 | Lair:5   | Found a viscous altar of Jiyva.
 20543 | Lair:5   | Found a staircase to the Slime Pits.
 20819 | D:11     | Found a staircase to the Orcish Mines.
 21084 | D:11     | Acquired 811 gold pieces
 21495 | Orc:1    | Entered Level 1 of the Orcish Mines
 21508 | Orc:1    | Paralysed by an orc sorcerer for 4 turns
 21602 | Orc:1    | Noticed Poxta's ghost (journeyman MiBe)
 21608 | Orc:1    | Found a runed translucent door.
 21626 | Orc:1    | Reached skill level 5 in Invocations
 22011 | Orc:1    | Noticed an orc warlord
 22027 | Orc:1    | Killed an orc warlord
 22314 | Orc:1    | Killed Poxta's ghost
 22314 | Orc:1    | Received a gift from Okawaru
 22345 | Orc:2    | Entered Level 2 of the Orcish Mines
 22398 | Orc:2    | Found Nevvooqy's Antique Armour Boutique.
 22414 | Orc:2    | Paralysed by an orc sorcerer for 5 turns
 23112 | Orc:2    | Found Imeaziwe's Antique Armour Shoppe.
 23950 | Orc:2    | Found a staircase to the Elven Halls.
 24234 | Orc:2    | Received a gift from Okawaru
 24237 | Orc:2    | Reached skill level 10 in Invocations
 24486 | Orc:2    | Found Besimuer's Armour Shoppe.
 24490 | Orc:2    | Bought a pair of brightly glowing gloves for 313 gold
                  | pieces
 24490 | Orc:2    | Identified the +1 pair of gloves "Corchyvuth" {rF++ Str-2}
                  | (You bought it in a shop on level 2 of the Orcish Mines)
 24494 | Orc:2    | Found Sifruops's Armour Shoppe.
 24496 | Orc:2    | Found Oparawusch's Assorted Antiques.
 24502 | Orc:2    | Bought a +2 pair of boots for 280 gold pieces
 24898 | Spider:1 | Entered Level 1 of the Spider Nest
 24899 | Spider:1 | Noticed Azrael
 25186 | Spider:1 | Killed Azrael
 25425 | Spider:1 | Reached XP level 15. HP: 141/141 MP: 22/22
 25450 | Spider:1 | Got the Commentary on Captivating Poison
 27534 | Spider:1 | You fall into a shaft and drop 1 floor!
 27569 | Spider:2 | Noticed an emperor scorpion
 27577 | Spider:2 | Killed an emperor scorpion
 27685 | Spider:2 | Received a gift from Okawaru
 28997 | D:12     | Identified the +11 long sword of the Evening {freeze, rPois
                  | rN+ Int+4}
 29688 | D:13     | Reached skill level 15 in Invocations
 30109 | D:13     | Noticed Erolcha
 30109 | Abyss:2  | Cast into level 2 of the Abyss (Erolcha)
 30143 | D:13     | Escaped the Abyss
 30153 | D:13     | Killed Erolcha
 30611 | D:13     | Noticed Maurice
 30621 | D:13     | Killed Maurice
 30638 | D:13     | Noticed Urug
 30639 | D:13     | Noticed Nessos
 30646 | D:13     | Killed Urug
 30653 | D:13     | Killed Nessos
 30658 | D:13     | Received a gift from Okawaru
 30699 | D:13     | Noticed Josephine
 30706 | D:13     | Killed Josephine
 30778 | D:14     | Reached XP level 16. HP: 145/149 MP: 26/26
 31094 | D:14     | Identified the +5 ring mail of Idealism {rF+ rCorr Str-5}
 31143 | D:14     | Identified the +8 rapier of Prudence {freeze, rF+ rC++
                  | Dex-2 Stlth+}
 31224 | D:14     | Found a gate to the Vaults.
 31865 | D:15     | Entered Level 15 of the Dungeon
 32125 | D:15     | Found a staircase to the Depths.
 32153 | D:15     | Identified the +0 pair of boots of Gravitas {Harm} (Okawaru
                  | gifted it to you on level 15 of the Dungeon)
 32153 | D:15     | Received a gift from Okawaru
 32837 | D:15     | Found a runed translucent door.
 32839 | D:15     | Noticed Tolur's ghost (adept DEFE)
 33496 | D:15     | Reached skill level 16 in Fighting
 33505 | D:15     | Killed Tolur's ghost
 33736 | Shoals:1 | Entered Level 1 of the Shoals
 33738 | Shoals:1 | Noticed Louise
 33777 | Abyss:2  | Cast into level 2 of the Abyss (Louise)
 33782 | Shoals:1 | Escaped the Abyss
 33787 | Shoals:1 | Killed Louise
 34232 | Shoals:1 | Noticed Mlioglotl
 34248 | Shoals:1 | Noticed a tentacled starspawn
 34249 | Shoals:1 | Killed Mlioglotl
 34474 | Shoals:1 | Reached skill level 17 in Fighting
 36495 | Spider:3 | Reached skill level 18 in Fighting
 37970 | Spider:3 | Received a gift from Okawaru
 38534 | Spider:3 | Reached XP level 17. HP: 166/166 MP: 28/28
 38787 | Spider:4 | Entered Level 4 of the Spider Nest
 39093 | Spider:4 | Reached skill level 19 in Fighting
 39118 | Spider:4 | HP: 5/164 [pharaoh ant (26)]
 39118 | Spider:4 | Slain by a pharaoh ant

Illustrated notes

Levels and vault maps discovered:
D:1:      dpeg_arrival_round_b, layout_basic, minivault_14, minmay_pentomino_p2
D:2:      wad_lake_hut, layout_basic, serial_shops, shop, minmay_quadrilaterals
D:3:      layout_basic, nicolae_dithmenos_through_a_glass_darkly,
          ebering_ecumenical_altar_mist, minmay_vboxes
D:4:      layout_cave_pools, nemelex_xobeh_ov_fountains_minmay,
          minmay_temple_entry_large_hall, serial_shops,
          nicolae_shop_bloodbath_and_beyond, uniq_eustachio
D:5:      layout_rooms, cheibrodos_worm_habitat, uniq_duvessa
D:6:      layout_gridville
D:7:      layout_basic, mainiacjoe_overflow_catwalk, serial_co_window_serial,
          co_window_paths_b, co_window_of_opportunity_a, co_window_paths_a,
          co_window_corner_a, co_window_cross_1, co_window_corner_ca,
          co_window_paths_c, co_window_broadway_b, co_window_2corner,
          co_window_4corner_b
D:8:      layout_rooms, nicolae_water_bricks, kennysheep_kite_vault, uniq_grum,
          uniq_prince_ribbit1
D:9:      layout_rooms, mainiacjoe_overflow_alcove_2,
          grunt_temple_overflow_diamond, david_lair_generic,
          ebering_ghost_gozag, uniq_pikel
D:10:     minmay_shrinking_squares, layout_basic, minmay_gold_behind_fungi
D:11:     layout_roguey, david_orc_2
D:12:     layout_rooms
D:13:     layout_long_grid, uniq_erolcha, uniq_urug, uniq_josephine,
          uniq_maurice, uniq_nessos
D:14:     layout_roguey, david_vaults_2, ice2_lemuel
D:15:     hangedman_depths_entry_try_elsewhere_first, layout_layer_cave,
          ebering_ghost_inner_flame, serial_bayou_pond_e, minmay_fountain_box
Lair:1:   layout_regular_city
Lair:2:   layout_roguey, elwin_shoals_entry_rocks
Lair:3:   layout_regular_city, spider_nest_entry_web_field,
          gauntlet_entry_generic
Lair:4:   layout_cave_pods, chequers_serial_rivers_micro_e,
          kilobyte_rumbling_trees, grunt_megastairs_5, lemuel_fruit_fields,
          infiniplex_staircase_pool, uniq_sonja
Lair:5:   minmay_lair_end_enchanted_forest, layout_hall_layers,
          dpeg_slime_entry_corner, nicolae_lair_liquid_snakes,
          lemuel_fruit_fields
Shoals:1: layout_shoals, uniq_louise, uniq_mlioglotl
Shoals:2: layout_shoals, nicolae_shoals_spectral_cove, uniq_polyphemus
Spider:1: cheibrodos_forgotten_conduit, uniq_azrael
Spider:2: layout_spider_delve
Spider:3: layout_cave_pods
Spider:4: grunt_spider_rune_circles
Orc:1:    layout_diamond_mine, hellmonk_ghost_happy_afterlife, elf_legates
Orc:2:    st_orc_elflike, layout_diamond_mine, serial_shops,
          nicolae_lakefront_shop, roderic_batcave, nicolae_orc_damp_corner

Skill      XL: |  1  2  3  4  5  6  7  8  9 10 11 12 13 14 15 16 17 |
---------------+----------------------------------------------------+-----
Fighting       | 4 5 6 8 9 10 12 13 15 18 19 | 19.2
Armour         | 4 5 6 8 9 10 12 13 16 | 16.5
Shields        | 4 5 6 7 9 10 12 13 15 | 15.2
Axes           | 3 4 5 6 7 9 10 12 13 14 15 | 15.0
Invocations    | 10 15 17 | 17.0

Action                   |  1- 3 |  4- 6 |  7- 9 | 10-12 | 13-15 | 16-18 || total
-------------------------+-------+-------+-------+-------+-------+-------++-------
Melee: War axe           |    82 |   134 |   236 |   438 |  1057 |   578 ||  2525
       Headbutt          |    10 |    23 |    35 |    89 |   215 |   144 ||   516
Throw: Javelin           |       |       |       |     5 |    15 |     4 ||    24
       Throwing net      |       |       |       |     1 |     3 |     2 ||     6
Invok: Heroism           |       |       |     1 |     3 |     8 |     3 ||    15
       Finesse           |       |       |       |     2 |     8 |     2 ||    12
Evoke: Wand              |       |       |       |       |       |     2 ||     2
  Use: Scroll            |       |     7 |     5 |    24 |    19 |    10 ||    65
       Potion            |       |     4 |       |     4 |     5 |     2 ||    15
Armor: Scale mail        |    47 |    52 |    14 |       |       |       ||   113
       Chain mail        |       |       |    35 |       |       |       ||    35
       Plate armour      |       |       |    91 |   228 |       |       ||   319
       Storm dragon scal |       |       |       |    40 |   581 |   419 ||  1040
Dodge: Dodged            |    42 |    55 |   117 |   274 |   608 |   374 ||  1470
Block: Buckler           |    31 |    23 |    82 |   175 |   582 |   343 ||  1236

Table legend: (Time is in decaauts)
 A = Elapsed time spent in this place.
 B = Non-inter-level travel time spent in this place.
 C = Inter-level travel time spent in this place.
 D = Time resting spent in this place.
 E = Time spent auto-exploring this place.
 F = Levels seen in this place.
 G = Mean time per level.
                   A        B        C        D        E       F      G
               +--------+--------+--------+--------+--------+-----+--------+
         Total |  39024 |  37468 |   1556 |  14820 |  16693 |  31 | 1258.8 |
       Dungeon |  20398 |  19635 |    763 |   7405 |   9344 |  15 | 1359.9 |
          Lair |   6858 |   6321 |    537 |   1744 |   3595 |   5 | 1371.6 |
        Shoals |   1287 |   1216 |     71 |    248 |    642 |   2 |  643.5 |
   Spider Nest |   6499 |   6390 |    109 |   3714 |   1742 |   4 | 1624.8 |
  Orcish Mines |   3212 |   3137 |     75 |   1475 |   1230 |   2 | 1606.0 |
         Abyss |     39 |     39 |      0 |      0 |      0 |   2 |   19.5 |
      Gauntlet |    727 |    727 |      0 |    234 |    139 |   1 |  727.0 |
               +--------+--------+--------+--------+--------+-----+--------+

Top non-repeatable levels by time:
    D:10: 3785 daAuts
Spider:2: 2633 daAuts
Spider:1: 2509 daAuts
   Orc:2: 2358 daAuts
     D:8: 2160 daAuts
     D:7: 1710 daAuts
    D:15: 1706 daAuts
  Lair:3: 1705 daAuts
  Lair:5: 1500 daAuts
  Lair:2: 1490 daAuts
     D:3: 1488 daAuts
Spider:3: 1307 daAuts
     D:6: 1288 daAuts
    D:13: 1268 daAuts
     D:2: 1255 daAuts
